 Dungeon Crawl Stone Soup version 0.22-a0-192-g6ffc940 (webtiles) character file.

91 wolfsongas the Slasher (level 4, -2/38 HPs)
             Began as a Hill Orc Gladiator on Feb 16, 2018.
             Slain by a gnoll
             ... wielding a +0 club
              (6 damage)
             ... on level 2 of the Dungeon.
             The game lasted 00:01:15 (1373 turns).

wolfsongas the Slasher (Hill Orc Gladiator)         Turns: 1373, Time: 00:01:16

Health: -2/38      AC:  4    Str: 17    XL:     4   Next: 57%
Magic:  4/4        EV: 12    Int:  8    God:
Gold:   44         SH:  0    Dex: 12    Spells: 3/3 levels left

rFire    . . .     SeeInvis .   a - +0 long sword
rCold    . . .     Gourm    .   (no shield)
rNeg     . . .     Faith    .   b - +0 leather armour
rPois    .         Spirit   .   c - +0 helmet
rElec    .         Reflect  .   (no cloak)
rCorr    .         Harm     .   (no gloves)
MR       .....                  (no boots)
Stlth    +.........             (no amulet)
HPRegen  0.12/turn              (no ring)
MPRegen  0.09/turn              (no ring)

@: no status effects
A: no striking features
a: no special abilities


You were on level 2 of the Dungeon.
You were not hungry.

You visited 1 branch of the dungeon, and saw 2 of its levels.

You collected 44 gold pieces.

Inventory:

Hand Weapons
 a - a +0 long sword (weapon)
Missiles
 d - 3 throwing nets (quivered)
Armour
 b - a +0 leather armour (worn)
 c - a +0 helmet (worn)
Jewellery
 k - an uncursed ring of protection from magic {unknown}
Scrolls
 h - a scroll of enchant weapon {unknown}
 j - a scroll of amnesia {unknown}
Potions
 e - a potion of curing
 i - a potion of heal wounds
Comestibles
 f - 2 rations
 g - a chunk of flesh


   Skills:
 + Level 3.5 Fighting
 + Level 4.0 Long Blades
 + Level 2.5 Throwing
 + Level 3.0 Dodging


You had 3 spell levels left.
You didn't know any spells.

Dungeon Overview and Level Annotations

Branches:
Dungeon (2/15)

Altars:


Message History

The goblin hits you with a club.
* * * LOW HITPOINT WARNING * * *
The gnoll barely misses you.
You riposte.
You closely miss the gnoll.
The gnoll is moderately wounded.
The gnoll hits you but does no damage.
You closely miss the gnoll.
The gnoll is moderately wounded.
The goblin hits you with a club.
* * * LOW HITPOINT WARNING * * *
The gnoll barely misses you. The gnoll misses you.
You barely miss the goblin. The goblin closely misses you.
The gnoll barely misses you.
You riposte.
You hit the gnoll but do no damage.
The gnoll is moderately wounded.
The gnoll misses you.
You riposte.
You hit the gnoll.
The gnoll is moderately wounded.
The goblin barely misses you.
You riposte.
You hit the goblin but do no damage. You hit the goblin.
The goblin is severely wounded.
The gnoll barely misses you. The gnoll hits you with a club.
You die...

#.# #.# #.#
#.#####..#######
##.###.####.# #.(#
.......รท..#.#
#####..####
##.###.##.....
#.........# #.#
.#.# #.##
##[........... #..
# #.. #
##..##..###.###
##### ###
#.#.###.###.# ...
#######.#..........
###
......g@...##.###.
. ####..gg..##..#
.(....###...#..
...... #......
####. #####.# ## #


You could see 2 gnolls and a goblin.

Vanquished Creatures
  2 adders (D:2)
  2 gnolls (D:2)
  3 worms (D:2)
  3 dart slugs
  5 bats
  3 giant cockroaches (D:1)
  5 goblins
  3 hobgoblins (D:1)
  3 jackals (D:2)
  4 kobolds
  A ball python (D:1)
  3 frilled lizards
  4 rats
41 creatures vanquished.

Notes
Turn   | Place    | Note
-------+----------+-------------------------------------------
     0 | D:1      | wolfsongas the Hill Orc Gladiator began the quest for the Orb.
     0 | D:1      | Reached XP level 1. HP: 18/18 MP: 1/1
    72 | D:1      | Reached XP level 2. HP: 21/25 MP: 2/2
   428 | D:1      | Reached XP level 3. HP: 25/31 MP: 3/3
  1037 | D:2      | Reached XP level 4. HP: 19/38 MP: 4/4
  1369 | D:2      | Reached skill level 4 in Long Blades
  1373 | D:2      | Slain by a gnoll

Vault maps used:
D:1:      mainiacjoe_arrival_reflecting_pool, minivault_11, serial_park_tiny_1
D:2:      overflow_temple_1_default, minmay_rat_hole

Skill      XL: |  1  2  3  4 |
---------------+-------------+-----
Throwing       | 2 |  2.5
Fighting       | 3 |  3.5
Long Blades    | 4 |  4.0
Dodging        | 3 |  3.0

Action                   |  1- 3 |  4- 6 || total
-------------------------+-------+-------++-------
Melee: Long sword        |    78 |    29 ||   107
  Use: Potion            |       |     4 ||     4
  Eat: Chunk             |     1 |     1 ||     2
Armor: Leather armour    |    25 |    14 ||    39
Dodge: Dodged            |    78 |    37 ||   115
       Rpst.: Long sword |    29 |    13 ||    42

Table legend:
 A = Spawn XP
 B = Non-spawn XP
 C = Spawn XP percentage of total XP
 D = Spawn monster count
 E = Non-spawn monster count
 F = Spawn count percentage of total count
 G = Total turns spent on level
                    A         B        C        D         E        F      G
               +---------+---------+-------+---------+---------+-------+---------
         Total |       0 |     130 |   0.0 |       0 |      41 |   0.0 |  1373
               +---------+---------+-------+---------+---------+-------+---------
           D:1 |       0 |      38 |   0.0 |       0 |      22 |   0.0 |   774
           D:2 |       0 |      92 |   0.0 |       0 |      19 |   0.0 |   599
               +---------+---------+-------+---------+---------+-------+---------
